[Event "1st Serbian League 2022"]
[Site "Vrnjacka Banja"]
[Date "2022.09.22"]
[Round "3.31"]
[White "Sanal, Vahap"]
[Black "Krstulovic, Alex"]
[Result "1-0"]
[ECO "D02"]
[WhiteElo "2595"]
[BlackElo "2411"]
[Annotator "TA"]
[PlyCount "95"]
[EventDate "2022.09.20"]
[EventType "team-tourn"]
[EventCountry "SRB"]
[SourceTitle "playchess.com"]
[Source "ChessBase"]
[SourceQuality "1"]
[TimeControl "40/5400+30:1800+30"]

1. Nf3 d5 2. g3 Nc6 3. d4 Bf5 4. Bg2 Nb4 5. Na3 e6 6. O-O Be7 7. c3 {[%emt 0:01:08] D02: 1 d4 d5 2 Nf3 sidelines, including 2...Nf6 3 g3 and 2...Nf6 3 Bf4.} Nc6 8. Qb3 Rb8 9. Ne5 {[%emt 0:01:02] The position is equal.} Nf6 10. Qa4 O-O 11. Nxc6 bxc6 12. Qxc6 Qc8 13. Qa4 c5 14. Qxa7 {[%emt 0:09:17] [#]} Nd7 $146 {[%emt 0:02:05] ...Ra8 is the strong threat.} ({Predecessor:} 14... Re8 15. Qa4 cxd4 16. cxd4 Rb4 17. Qd1 h5 18. Nb1 h4 19. Nc3 h3 20. Bf3 Qa6 {1-0 (40) Walker,J (2071)-Herzog,K (2023) LSS email 2009}) 15. Qa4 cxd4 16. Qxd4 (16. cxd4 $14 h6 17. Qd1) 16... Bc5 17. Qd2 Bxa3 18. bxa3 Ne5 19. Qd4 Nc4 {[%emt 0:01:58][%mdl 1024] Black has compensation.} 20. h3 Rd8 21. Qh4 Ne5 22. g4 Be4 23. f3 Bc2 ({Don't do} 23... Qxc3 24. Bg5 (24. Bf4 Ng6 $17) 24... Ng6 25. Qe1 (25. Qf2 f6 $14) 25... Qc5+ 26. Qf2 Qxf2+ 27. Rxf2 $16 (27. Kxf2 f6 $14)) 24. Qg3 Qc5+ 25. Kh1 Nc4 26. h4 Nxa3 27. Bf4 Rbc8 28. Be5 Qc4 29. g5 {[%emt 0:10:11] Inhibits f6.} Qxe2 30. Rae1 Qd3 (30... Qd2 $11) 31. h5 $1 $14 Nc4 (31... d4 $142) 32. Bd4 $1 $16 {[%emt 0:00:27] Hoping for Rg1.} Re8 33. Rf2 {[%emt 0:00:38] Inhibits Qd2.} Ba4 $2 (33... Rcd8 $16) 34. Bf1 $18 Qf5 35. Bh3 $1 {[%emt 0:02:05] This bishop pair is nice.} Qd3 36. Kh2 (36. g6 $142 {Intending gxf7+ and mate.} hxg6 37. hxg6 Qxg6 38. Qxg6 fxg6 39. Bxe6+ Kf8 40. Rh2) 36... Rb8 $2 (36... Bd7 37. h6 Rcd8) 37. Bf1 (37. g6 $18 {Threatening mate with gxf7+.} hxg6 38. hxg6 Qxg6 39. Qxg6 fxg6 40. Bxe6+ Rxe6 41. Rxe6) 37... Qf5 $16 38. Bxc4 dxc4 {[%emt 0:00:03] [#]} 39. Re5 $1 Qb1 40. h6 $40 {[%emt 0:02:51][%mdl 128] White wants a kill.} Rb2 {[%emt 0:01:00] [#]} 41. Ree2 $1 Rxe2 42. Rxe2 e5 {[%emt 0:02:36] Inhibits Qf4.} 43. Bxe5 (43. Rxe5 $142 Qxa2+ 44. Kh3 Bd7+ 45. Kh4) 43... Qd3 (43... Qf5 $16 {was necessary.}) 44. Rf2 $18 f6 (44... g6 $16 {was called for.} 45. Qf4 Qd5) 45. gxf6 g6 (45... Qg6 {is tougher.} 46. f7+ (46. fxg7 Qh5+ 47. Kg1 Rxe5 $17) 46... Qxf7) 46. Qf4 {[%emt 0:00:00] White threatens f7+ and mate.} Kf7 47. Rd2 Qf1 48. Qe4 {[%emt 0:00:00] Weighted Error Value: White=0.19 (very precise) /Black=0.54} 1-0

[Event "1st Serbian League 2022"]
[Site "Vrnjacka Banja"]
[Date "2022.09.22"]
[Round "3.32"]
[White "Sedlak, Nikola"]
[Black "Gurel, Ediz"]
[Result "1/2-1/2"]
[ECO "A30"]
[WhiteElo "2466"]
[BlackElo "2437"]
[Annotator "TA"]
[PlyCount "67"]
[EventDate "2022.09.20"]
[EventType "team-tourn"]
[EventCountry "SRB"]
[SourceTitle "playchess.com"]
[Source "ChessBase"]
[SourceQuality "1"]
[TimeControl "40/5400+30:1800+30"]

1. Nf3 d5 2. g3 Nf6 3. Bg2 c5 4. O-O g6 5. b3 Bg7 6. Bb2 O-O 7. e3 b6 8. c4 Bb7 9. cxd5 {[%emt 0:00:26] [#] A30: Symmetrical English: Double Fianchetto and Hedgehog.} Nbd7 $146 ({Predecessor:} 9... Bxd5 10. Nc3 Bb7 11. d4 cxd4 12. Nxd4 Bxg2 13. Kxg2 Na6 14. Qf3 Rc8 15. Rfd1 e5 16. Ne6 fxe6 17. Rxd8 Rcxd8 18. Rd1 Nd5 19. Qg4 Nc5 20. b4 Nf6 21. Qc4 {1-0 (21) Artemiev,V (2709)-Karthikeyan,M (2606) Chess.com INT 2021}) 10. d4 Nxd5 11. Qe2 e6 12. Rd1 Qe7 13. Na3 Rfd8 14. Nc4 Rac8 15. Rac1 Ba6 16. h4 cxd4 17. Nxd4 Ne5 18. h5 Nxc4 19. bxc4 Qb4 20. hxg6 (20. a3 $1 $11 Bxc4 21. axb4 Bxe2 22. Rxc8 Rxc8 23. Nxe2 Bxb2 24. Bxd5 exd5 25. hxg6) 20... hxg6 $15 21. a3 Qa4 22. Nc6 Bxb2 ({Of course not} 22... Qxc6 23. Bxg7 Kxg7 24. Qb2+ Kg8 25. cxd5 $11) (22... Rxc6 $15 23. Bxg7 Rxc4) 23. Qxb2 $11 Rxc6 24. cxd5 Rxc1 25. Qxc1 exd5 26. Bxd5 Kg7 27. Rd4 Qa5 28. Qa1 {[%emt 0:11:22] [#] White wants to mate with Rf4+. The position is equal.} f6 29. Bg2 Rxd4 30. Qxd4 {[%emt 0:00:07] Strongly threatening Qd7+.} Qe1+ 31. Kh2 {[%emt 0:00:07] Black must now prevent Qd7+.} Qxf2 32. Qd7+ Kh6 33. Qh3+ Kg7 {[%emt 0:00:02] [#] And now ...Qd2 would win.} 34. Qd7+ {[%emt 0:00:40] Weighted Error Value: White=0.10 (very precise) /Black=0.09 (flawless)} 1/2-1/2

[Event "1st Serbian League 2022"]
[Site "Vrnjacka Banja"]
[Date "2022.09.22"]
[Round "3.33"]
[White "Markus, Robert"]
[Black "Popovic, Dusan"]
[Result "1/2-1/2"]
[ECO "E62"]
[WhiteElo "2615"]
[BlackElo "2486"]
[Annotator "TA"]
[PlyCount "38"]
[EventDate "2022.09.20"]
[EventType "team-tourn"]
[EventCountry "SRB"]
[SourceTitle "playchess.com"]
[Source "ChessBase"]
[SourceQuality "1"]
[TimeControl "40/5400+30:1800+30"]

1. d4 d6 2. Nf3 Nf6 3. g3 g6 4. Bg2 Bg7 5. O-O O-O 6. c4 Nc6 7. Nc3 Bg4 8. d5 Na5 9. Nd2 c5 10. Qc2 a6 11. b3 {[%emt 0:00:09] [#] An uneventful encounter. E66: King's Indian: Fianchetto: 6...c5 7 0-0 Nc6 8 d5.} {Predecessor:} b5 $146 12. h3 b4 13. hxg4 bxc3 14. Ne4 Nxg4 15. Nxc3 h5 16. Bd2 Nb7 17. Rae1 h4 18. gxh4 e5 19. Bg5 Bf6 {1-0 (75) Le,T (2514)-Das,S (2431) Chess.com INT 2021} 1/2-1/2

[Event "1st Serbian League 2022"]
[Site "Vrnjacka Banja"]
[Date "2022.09.22"]
[Round "3.34"]
[White "Boskovic, Drasko"]
[Black "Solak, Dragan"]
[Result "1/2-1/2"]
[ECO "D02"]
[WhiteElo "2415"]
[BlackElo "2592"]
[Annotator "TA"]
[PlyCount "120"]
[EventDate "2022.09.20"]
[EventType "team-tourn"]
[EventCountry "SRB"]
[SourceTitle "playchess.com"]
[Source "ChessBase"]
[SourceQuality "1"]
[TimeControl "40/5400+30:1800+30"]

1. d4 d5 2. Nf3 c6 3. Bf4 Bg4 4. e3 e6 5. c4 Bd6 6. Bxd6 {[%emt 0:30:05] D02: 1 d4 d5 2 Nf3 sidelines, including 2...Nf6 3 g3 and 2...Nf6 3 Bf4.} Qxd6 {[%emt 0:00:29] [#]} 7. Qb3 $146 ({Predecessor:} 7. Nc3 Nf6 8. Be2 O-O 9. c5 Qc7 10. Ne5 Bxe2 11. Qxe2 Nbd7 12. f4 b6 13. cxb6 Qxb6 {1-0 (41) Cehelsky,C (1950)-Majlath,Z (1994) Slovakia 2014}) 7... Qc7 8. Ne5 {[%emt 0:00:14] White is slightly better.} Nf6 9. Bd3 Nbd7 (9... dxc4 {is interesting.} 10. Qxc4 Nbd7 11. h3 Bh5) 10. Nxg4 Nxg4 11. Nc3 Ngf6 12. cxd5 exd5 13. Rc1 Nb6 14. g4 Qe7 15. g5 Nfd7 16. h4 {[%emt 0:03:10] The position is equal.} h6 17. Kd2 hxg5 18. hxg5 Rxh1 19. Rxh1 Qxg5 20. Rh8+ Nf8 $1 21. Na4 $1 Qe7 22. Nc5 O-O-O 23. Qa3 Ne6 24. Nxe6 Qxe6 25. Rxd8+ Kxd8 $11 {[%emt 0:00:03][%mdl 4096] Endgame KQB-KQN} 26. Qf8+ Kc7 27. Qxg7 Nc8 28. f4 Nd6 29. Qe5 Kd7 30. b3 Qe7 31. Kc3 f6 32. Qxe7+ Kxe7 {[%emt 0:00:02] KB-KN} 33. a4 b6 34. b4 a5 35. bxa5 bxa5 36. Ba6 Kd7 37. Bd3 Kc7 38. Kd2 Kb6 39. Ke2 c5 40. Kf3 c4 41. Bc2 f5 42. Ke2 Kc7 43. Kd2 Kd7 44. Bd1 Ne4+ 45. Kc2 Ke6 46. Bf3 Nf2 47. Bg2 Ng4 48. Kd2 Nf6 49. Bf3 Kd6 50. Kc3 Nd7 51. Bd1 Ke7 52. Bc2 Kf6 53. Bd1 Nb6 54. Bc2 Nc8 55. Bd1 Nd6 56. Bf3 Ke6 57. Kc2 Ne8 58. Kd2 Nf6 59. Bg2 Ng4 60. Bf3 Nf2 {[%emt 0:02:20] Weighted Error Value: White=0.03 (flawless) /Black=0.02 (flawless)} 1/2-1/2

[Event "1st Serbian League 2022"]
[Site "Vrnjacka Banja"]
[Date "2022.09.22"]
[Round "3.35"]
[White "Kovacevic, Aleksandar"]
[Black "Zegarac, Vuk"]
[Result "1/2-1/2"]
[ECO "B12"]
[WhiteElo "2471"]
[BlackElo "2336"]
[Annotator "TA"]
[PlyCount "92"]
[EventDate "2022.09.20"]
[EventType "team-tourn"]
[EventCountry "SRB"]
[SourceTitle "playchess.com"]
[Source "ChessBase"]
[SourceQuality "1"]
[TimeControl "40/5400+30:1800+30"]

1. e4 c6 2. d4 d5 3. e5 c5 4. dxc5 e6 5. a3 Bxc5 6. Nf3 {[%emt 0:01:50] B12: Caro-Kann: Advance Variation.} Ne7 7. b4 Bb6 8. Bb2 a5 {[%emt 0:01:57] 8...0-0 is more fashionable.} 9. Nbd2 {[%emt 0:01:41] [#]} Nbc6 $146 (9... axb4 $11 {keeps the balance.} 10. axb4 Rxa1 11. Qxa1 O-O) ({Predecessor:} 9... axb4 10. axb4 Rxa1 11. Qxa1 O-O 12. Bd3 Na6 13. Qa3 Ng6 14. O-O Nf4 15. Rb1 Nxd3 16. Qxd3 {½-½ (62) Wei,Y (2733)-Lupulescu,C (2610) Moscow 2019}) 10. b5 $16 Nb8 11. a4 Nd7 12. g3 Ng6 13. Bg2 Qc7 {[%emt 0:03:10] Prevents c4.} 14. O-O O-O 15. c4 {[%emt 0:07:50] Threatens to win with Rc1.} (15. Ba3 $6 Bc5 $11) 15... Ndxe5 ({Resist} 15... dxc4 16. Qe2 $16) 16. Nxe5 Nxe5 17. cxd5 exd5 18. Rc1 Qd6 {[%emt 0:08:20] [#]} 19. Ne4 $1 {[%emt 0:28:37][%mdl 64] Deflection} Qd8 20. Bxe5 dxe4 21. Qe1 {[%emt 0:00:26] Against e3} f5 22. Qc3 Qe7 23. Rfd1 {[%emt 0:00:07][%cal Bf1d1,Bd1d4,Bd4e4][%mdl 1056] Hoping for Bd6. White has compensation.} Re8 24. Bd6 Qf7 25. Bc5 (25. Bc7 $14 Bxc7 26. Qxc7) 25... Bd8 $11 26. f3 Bf6 (26... Bg5 {is interesting.} 27. Be3 exf3 28. Bxg5 fxg2 29. Qc7 Qb3) 27. Bd4 Bxd4+ (27... Bg5 $5 28. Rb1 Be6 $15) 28. Rxd4 (28. Qxd4 {seems wilder.} f4 29. fxe4 f3 30. Rf1) 28... Be6 ({Much less strong is} 28... e3 29. f4 $16) 29. fxe4 Rac8 $1 30. Qd2 {[%emt 0:00:06] next exf5 is good for White.} Rxc1+ 31. Qxc1 fxe4 32. Rxe4 {[%emt 0:00:16] Qe3 is the strong threat.} Rf8 $2 ({Black should try} 32... Rd8 $14) 33. Qe3 $18 {[%emt 0:02:09] Active counter play!} ({Don't play} 33. Rf4 $6 Qe7 $16) 33... Bc8 34. h4 h6 (34... Qg6 {was worth a try.} 35. Kh2 h6) 35. Rf4 Qe8 36. Bd5+ Kh8 37. Qxe8 Rxe8 {[%emt 0:00:04][%mdl 4096] Endgame KRB-KRB} 38. Kf2 b6 39. Rc4 Be6 (39... h5 $16 {is a better defense.} 40. Bf3 g6) 40. Bxe6 Rxe6 {[%emt 0:00:06] [#] KR-KR} 41. Rc6 $2 ({White should play} 41. Kf3 $1 $18) 41... Re4 $1 $11 {[%emt 0:00:40] The position is equal.} 42. Rxb6 Rxa4 43. Ra6 Ra3 44. h5 a4 45. b6 {[%emt 0:00:12] Threatening mate with b7.} Rb3 46. Rxa4 {[%emt 0:00:07] Black must now prevent Ra8+.} Rxb6 {[%emt 0:00:06] Black defended with fortune.  Weighted Error Value: White=0.12 (very precise) /Black=0.18 (very precise)} 1/2-1/2

[Event "1st Serbian League 2022"]
[Site "Vrnjacka Banja"]
[Date "2022.09.22"]
[Round "3.36"]
[White "Munizaba, Slobodan"]
[Black "Brenjo, Slavisa"]
[Result "0-1"]
[ECO "E60"]
[WhiteElo "2416"]
[BlackElo "2409"]
[Annotator "TA"]
[PlyCount "92"]
[EventDate "2022.09.20"]
[EventType "team-tourn"]
[EventCountry "SRB"]
[SourceTitle "playchess.com"]
[Source "ChessBase"]
[SourceQuality "1"]
[TimeControl "40/5400+30:1800+30"]

1. d4 Nf6 2. Nf3 g6 3. g3 Bg7 4. Bg2 O-O 5. O-O d6 6. c4 Nc6 7. d5 Na5 8. Nbd2 {[%emt 0:00:35] 8.Na3 is a critical line.} c5 9. e4 e6 10. Rb1 {[%emt 0:07:57] E60: King's Indian: Unusual lines and Fianchetto Variation without Nc3.} exd5 11. cxd5 Re8 12. Re1 {[%emt 0:01:07] White is slightly better.} Bg4 {[%emt 0:08:08] [#]} 13. b3 $146 {[%emt 0:28:51] Inhibits c4.} ({Predecessor:} 13. h3 Bd7 14. b3 b5 15. Bb2 Rc8 16. Ba1 b4 17. Bf1 Qb6 18. Rc1 Re7 19. Kg2 {1-0 (39) Pachta,P (2159)-Grabner,J (2027) Vienna 2004}) 13... Rc8 14. h3 (14. Bb2 {is more complex.} c4 15. Nxc4 Nxc4 16. bxc4 Rxc4 17. e5) 14... Bxf3 15. Bxf3 b5 16. b4 (16. Bb2 {looks sharper.} c4 17. Rc1 Qb6 18. Ba1) 16... cxb4 17. Rxb4 a6 18. a4 bxa4 19. Rxa4 Nd7 20. Bg4 {[%emt 0:02:10] Strongly threatening Bxd7.} Rxc1 21. Qxc1 $18 {[%emt 0:00:18] Hoping for Bxd7.} Nc5 22. Ra3 h5 23. Be2 h4 24. Kg2 hxg3 25. fxg3 (25. Rxg3 Bh6 26. Bd1 Nxe4 $1 27. Rxe4 Rxe4 $17) 25... Qb6 26. Qb1 {[%emt 0:02:46] Against Qb4} Qc7 (26... Qxb1 $142 27. Rxb1 Bh6) 27. Qb4 Bh6 28. Nf1 (28. Rxa5 Bxd2 29. Qxd2 Nb3 $11) 28... Nab7 29. Bxa6 Nxa6 30. Rxa6 ({White has to play} 30. Qb5 $1 $18 Rb8 31. Qxa6 (31. Rxa6 Nc5 $16)) 30... Qc2+ $1 $11 31. Kg1 Nc5 {[%emt 0:01:02] White must now prevent ...Nd3.} 32. Rc6 {[%emt 0:00:12] e5 is the strong threat.} (32. Rxd6 $2 Nd3 33. Qb6 (33. Qb5 Qf2+ 34. Kh1 Nxe1 35. Qxe8+ Kh7) 33... Nxe1 34. Rxg6+ Bg7 $19) 32... Ra8 33. Qb1 (33. Rxd6 Ra2 34. Rd8+ Kh7) 33... Qc4 (33... Qc3 $1 $11) 34. Rd1 ({White should play} 34. Qd1 $1 $16) 34... Bg7 $15 35. Qc1 {[%emt 0:01:19] [#]} (35. Rxc5 $15 Qxc5+ 36. Kg2) 35... Qxe4 {[%emt 0:00:36] Black has more active pieces.} ({Black should try} 35... Qb3 $1 $17 {aiming for ...Ra2.} 36. Rc7 (36. Rxd6 $2 Nxe4 37. Rc6 Ra1 $19) 36... Be5) 36. Qe3 ({Wrong is} 36. Rxd6 $2 Ra1 37. Rd8+ (37. Qxc5 $2 Rxd1 38. Qf2 Bd4 $19) 37... Kh7 $19) (36. Qf4 $5 Be5 37. Qxe4 Nxe4 38. Rd3 $14) 36... Qa4 37. Rd2 {[%emt 0:00:43] [#]} (37. Qf3 $11 {keeps the balance.}) 37... Nb3 $1 $17 38. Rd3 ({But not} 38. Rxd6 $2 Nxd2 39. Qxd2 Bd4+ 40. Ne3 Qa1+ 41. Kg2 Ra2 42. Rd8+ Kg7 43. Qxa2 Qxa2+ $19) 38... Bd4 39. Rxd4 Nxd4 40. Rc7 $2 (40. Rc3 $17 {was worth a try.}) 40... Qd1 $19 {[%emt 0:01:09] ( -> ...Nf3+)} 41. Qf2 Nf3+ 42. Kg2 Ne5 43. Ne3 Qd4 44. Qf4 {[%emt 0:08:52] Against Qe4+} (44. Ng4 Qxd5+ 45. Kh2) 44... Ra2+ 45. Kg1 Qa1+ 46. Nf1 Qb2 {[%emt 0:01:32] Quite a comeback for Black.  Weighted Error Value: White=0.61/Black=0.17 (very precise)} (46... Qd1 $142 47. Qf2 Rxf2 48. Rc8+ Kg7 49. Kxf2 Nd3+ 50. Ke3 Qxf1 51. Kd2 Qxh3 52. Rc7 Nc5 53. g4 Qxg4 54. Re7 Qd4+ 55. Kc2 Qd3+ 56. Kc1 Ne4 57. Rc7 Qd2+ 58. Kb1 Nc3+ 59. Rxc3 Qxc3 60. Ka2 f5 61. Kb1 Qd2 62. Ka1 f4 63. Kb1 f3 64. Ka1 f2 65. Kb1 f1=Q#) 0-1

[Event "1st Serbian League 2022"]
[Site "Vrnjacka Banja"]
[Date "2022.09.23"]
[Round "4.1"]
[White "Krstulovic, Alex"]
[Black "Budisavljevic, Luka"]
[Result "1/2-1/2"]
[ECO "A46"]
[WhiteElo "2411"]
[BlackElo "2524"]
[Annotator "TA"]
[PlyCount "65"]
[EventDate "2022.09.20"]
[EventType "team-tourn"]
[EventCountry "SRB"]
[SourceTitle "playchess.com"]
[Source "ChessBase"]
[SourceQuality "1"]
[TimeControl "40/5400+30:1800+30"]

1. d4 e6 2. Bf4 c5 3. e3 Qb6 4. Nc3 Nf6 5. Nf3 a6 6. Rb1 {[%emt 0:02:23] A46: 1 d4 Nf6 2 Nf3 e6: Torre, London and Colle Systems.} d5 7. Be2 {[%emt 0:01:33] [#]} Nh5 $146 ({Predecessor:} 7... Bd7 8. O-O Be7 9. Ne5 O-O 10. dxc5 Qxc5 11. Bf3 Rc8 12. Qd2 Be8 13. Rfc1 Nc6 {0-1 (25) Nevado Jimenez,S (1703)-Escalante Ramirez,B (2496) Valencia 2022}) 8. Bg5 h6 9. Bh4 {[%emt 0:01:42] [#] Strongly threatening Ne5.} cxd4 10. Qxd4 Qxd4 11. Nxd4 Nf6 12. O-O Bb4 13. Na4 {[%emt 0:09:23] [#] Black must now prevent Nb6.} Nbd7 {[%emt 0:00:10] Prevents Nb6.} 14. a3 Be7 15. Nc3 b6 16. f4 $1 Bb7 17. Bf3 Rc8 18. Nce2 Rg8 {[%emt 0:03:35] And now ...g5 would win.} 19. Bxf6 Bxf6 (19... Nxf6 $15 {is more appropriate.} 20. g3 g5) 20. Rbc1 g5 21. g3 b5 22. Rfd1 Ke7 23. b3 Nb6 {[%emt 0:01:53] Inhibits c4.} 24. Kf2 Rc7 25. Ke1 Rgc8 26. c3 Rb8 27. Rc2 Nc8 28. Ra1 Nd6 29. a4 Bc8 (29... gxf4 $17 {Threatens to win with ...e5.} 30. axb5 axb5 31. gxf4 b4) 30. axb5 $11 Nxb5 31. Nxb5 axb5 32. Ra3 $2 (32. b4 $11 {and White has nothing to worry.}) 32... Ke8 $2 (32... b4 $19 33. Raa2 bxc3) 33. Nd4 $2 {[%emt 0:01:21] Weighted Error Value: White=0.24 (precise) /Black=0.20 (precise)} (33. b4 $1 $11) 1/2-1/2

[Event "1st Serbian League 2022"]
[Site "Vrnjacka Banja"]
[Date "2022.09.23"]
[Round "4.2"]
[White "Puranik, Abhimanyu"]
[Black "Sedlak, Nikola"]
[Result "1/2-1/2"]
[ECO "C55"]
[WhiteElo "2603"]
[BlackElo "2466"]
[Annotator "TA"]
[PlyCount "42"]
[EventDate "2022.09.20"]
[EventType "team-tourn"]
[EventCountry "SRB"]
[SourceTitle "playchess.com"]
[Source "ChessBase"]
[SourceQuality "1"]
[TimeControl "40/5400+30:1800+30"]

1. e4 e5 2. Nf3 Nc6 3. Bc4 Nf6 4. d3 Be7 5. O-O O-O 6. Nc3 d6 7. a4 $1 {[%emt 0:00:22][%mdl 4] 7.a4 is a critical line. C55: Two Knights: 4 d3, 4 d4 exd4 5 e5 and Max Lange Attack.} a5 8. Re1 Be6 9. Nd5 Bxd5 10. exd5 Nb4 11. d4 {[%emt 0:00:34] [#]} Nbxd5 $146 ({Predecessor:} 11... e4 12. Nd2 c6 13. f3 exf3 14. Nxf3 Nbxd5 15. Bg5 Re8 16. c3 Qd7 17. Qb3 Bf8 {0-1 (53) Maslanka,W (2000)-Romanishin,O (2404) Warsaw 2022}) 12. dxe5 dxe5 13. Nxe5 c6 14. Bg5 Qc7 15. h3 (15. Bxd5 $5 Nxd5 16. Bxe7 Nxe7 17. Qd7 $11) 15... Rae8 {[%emt 0:08:34] The position is equal.} 16. c3 {[%emt 0:07:54] Inhibits Bb4.} Bd6 17. Ng4 Rxe1+ 18. Qxe1 Nxg4 19. hxg4 Bh2+ 20. Kh1 {[%emt 0:07:58] [#] Threatens to win with g3.} Bf4 21. Bxd5 {[%emt 0:01:41] Bxf4 is the strong threat.} Bxg5 {[%emt 0:01:08] An interesting draw.  Weighted Error Value: White=0.07 (flawless) /Black=0.04 (flawless)} 1/2-1/2

[Event "1st Serbian League 2022"]
[Site "Vrnjacka Banja"]
[Date "2022.09.23"]
[Round "4.3"]
[White "Popovic, Dusan"]
[Black "Gagunashvili, Merab"]
[Result "1/2-1/2"]
[ECO "C44"]
[WhiteElo "2486"]
[BlackElo "2552"]
[Annotator "TA"]
[PlyCount "30"]
[EventDate "2022.09.20"]
[EventType "team-tourn"]
[EventCountry "SRB"]
[SourceTitle "playchess.com"]
[Source "ChessBase"]
[SourceQuality "1"]
[TimeControl "40/5400+30:1800+30"]

1. e4 e5 2. Nf3 Nc6 3. g3 Nf6 4. d3 d5 5. exd5 Nxd5 6. Bg2 Be7 (6... Bg4 {is more complex.} 7. h3 Be6 8. Ng5 Bf5) 7. O-O {[%emt 0:00:28] C44: Ponziani Opening and Scotch Gambit.} O-O 8. Re1 Bf6 9. Nbd2 Re8 10. c3 a5 11. a4 h6 {[%emt 0:07:07] [#] The position is equal.} 12. Ne4 $146 ({Predecessor:} 12. h3 Bf5 13. Ne4 Be7 14. d4 exd4 15. Nxd4 Nxd4 16. Qxd4 c6 17. Bd2 Nf6 18. Nxf6+ Bxf6 19. Rxe8+ Qxe8 20. Qb6 Qd7 21. Be3 Bc2 {½-½ (21) Godena,M (2460)-Midoux,S (2261) Menton 2019}) 12... Be7 13. Ned2 Bf6 (13... Bg4 14. Qb3 $14) 14. Ne4 Be7 15. Ned2 Bf6 {[%emt 0:03:09] An uneventful encounter.  Weighted Error Value: White=0.04 (flawless) /Black=0.07 (flawless)} ({But not} 15... Bg4 16. Qb3 $14) 1/2-1/2

[Event "1st Serbian League 2022"]
[Site "Vrnjacka Banja"]
[Date "2022.09.23"]
[Round "4.4"]
[White "Pap, Misa"]
[Black "Boskovic, Drasko"]
[Result "0-1"]
[ECO "B50"]
[WhiteElo "2381"]
[BlackElo "2415"]
[Annotator "TA"]
[PlyCount "84"]
[EventDate "2022.09.20"]
[EventType "team-tourn"]
[EventCountry "SRB"]
[SourceTitle "playchess.com"]
[Source "ChessBase"]
[SourceQuality "1"]
[TimeControl "40/5400+30:1800+30"]

1. e4 c5 2. Nf3 d6 3. c3 Nf6 4. Be2 g6 5. O-O Bg7 6. Bb5+ Nc6 7. Re1 {[%emt 0:01:06] B50: Sicilian: 2...d6, Miscellaneous.} O-O 8. h3 Qb6 9. Bf1 {[%emt 0:03:24] The position is equal.} e5 10. d3 d5 11. Nbd2 d4 12. cxd4 cxd4 13. Nc4 (13. b4 $5 ) 13... Qc7 {[%emt 0:00:57] [#]} 14. a4 $146 ({Predecessor:} 14. Bg5 Re8 15. Rc1 Qd7 16. Qd2 b5 17. Na5 Bb7 18. Rc5 a6 19. Nxc6 Bxc6 20. Rec1 Rac8 21. Nxe5 Rxe5 22. Rxe5 Nxe4 23. Rxe4 Bxe4 24. Rxc8+ Qxc8 25. dxe4 {1-0 (31) Jirasek,P (2249)-Machalec,V (1837) Hradec Kralove 2018}) 14... Be6 15. b3 Bxc4 16. bxc4 Nd7 17. Nd2 Bh6 18. g3 Rfe8 19. Nb3 Bxc1 20. Qxc1 Na5 21. Nxa5 Qxa5 22. Qb2 Nc5 23. Reb1 Re6 24. Qb4 Qc7 25. a5 f5 26. exf5 gxf5 27. Qd2 Qg7 28. Rb5 Rc8 29. h4 (29. Qb4 $11 Qe7 30. Rd1) 29... a6 $17 30. Rb2 (30. Rxc5 $142 Rxc5 31. Bh3) 30... Rf8 (30... Rg6 $142 $1 {Threatens to win with ...f4.} 31. Re1 f4) 31. Kh2 e4 {[%emt 0:10:59] Black is more active.} (31... Rg6 $17 {And now ...f4 would win.} 32. Qe1 f4) 32. Qf4 $1 $15 Rg6 {[%emt 0:02:19] aiming for ...Ne6.} ({Much weaker is} 32... Nxd3 33. Bxd3 exd3 34. Rd1 $11) 33. Rab1 Ne6 $36 {[%emt 0:29:11][%mdl 2048] Black has the initiative.} 34. Qc1 {[%emt 0:00:00][%mdl 8192] Loses the game.} (34. Qd6 $11 {and White is okay.} Nc7 35. Qc5) 34... Qe5 (34... f4 $142 35. Qd1 (35. Rxb7 $2 fxg3+ 36. fxg3 Qe5 $19) 35... Qe5) 35. Qe1 $2 {[%emt 0:02:16] [#]} (35. Rxb7 f4 36. Qe1 fxg3+ 37. fxg3 Rxf1 $1 38. Rb8+ Kg7 39. R1b7+ Kh6 $19) (35. Bh3 {was the only defense.}) 35... f4 $1 $19 36. Bg2 (36. Qxe4 $142 fxg3+ 37. Kh1 Qxe4+ 38. dxe4 gxf2 39. Bh3) 36... e3 {[%emt 0:02:20][%cal Be4e3,Be3f2][%mdl 32] ...Kh8 is the strong threat.} 37. Bd5 fxg3+ 38. fxg3 Rf2+ 39. Rxf2 Qxg3+ 40. Kh1 exf2 {[%emt 0:00:12][%cal Rg3h4][%mdl 64] Discovered Attack} 41. Bxe6+ Kh8 42. Qf1 Rxe6 {[%emt 0:00:36] Weighted Error Value: White=0.79/Black=0.21 (precise)} 0-1